 Dungeon Crawl Stone Soup version 0.30-a0-279-g4b46babb21 (webtiles) character file.

Game seed: 14111915262632762356

43605 BlueGoblin the Black Sun (level 13, -1/96 HPs)
             Began as a Demonspawn Necromancer on Oct 15, 2022.
             Was a High Priest of Kikubaaqudgha.
             Slain by a cyan ugly thing (8 damage)
             ... while petrified by a basilisk
             ... on level 5 of the Lair of Beasts on Oct 16, 2022.
             The game lasted 00:57:04 (18358 turns).

BlueGoblin the Black Sun (Demonspawn Necromancer)  Turns: 18358, Time: 00:57:05

Health: -1/96      AC: 13    Str: 11    XL:     13   Next: 91%
Magic:  33/40      EV:  2    Int: 29    God:    Kikubaaqudgha [*****.]
Gold:   1933       SH:  0    Dex: 18    Spells: 5/40 levels left

rFire   . . .      SeeInvis .    b - +4 hand axe of the Dwarven Hall {elec, Str+2 Int+2 Dex+4}
rCold   . . .      Faith    .    (no shield)
rNeg    + + +      Spirit   .    h - +0 troll leather armour
rPois   ∞          Reflect  .    i - +0 helmet
rElec   .          Harm     .    C - +0 cloak
rCorr   .          Rampage  .    r - +1 pair of gloves
Will    .....                    g - +0 pair of boots
Stlth   ++........               j - amulet of the acrobat
HPRegen 1.16/turn                D - +6 ring of intelligence
MPRegen 0.54/turn                q - ring of magical power

@: lethally poisoned (-1 -> -1), death channelling, petrified, animating dead
A: claws 2, rugged brown scales 3, spiny 2, magic regeneration
a: Renounce Religion, Unearth Wretches, Torment


You were on level 5 of the Lair of Beasts.
You worshipped Kikubaaqudgha.
Kikubaaqudgha was extremely pleased with you.
You visited 4 branches of the dungeon, and saw 20 of its levels.

You collected 1933 gold pieces.

Inventory:

Hand Weapons
 b - the +4 hand axe of the Dwarven Hall (weapon) {elec, Str+2 Int+2 Dex+4}
   (You acquired it on level 1 of the Dungeon)

   It occasionally discharges a powerful burst of electricity upon striking a
   foe.
   Str:       It affects your strength (+2).
   Int:       It affects your intelligence (+2).
   Dex:       It affects your dexterity (+4).
 X - the +8 whip "Snakebite" {venom, curare, rPois}
   (You found it on level 4 of the Lair of Beasts)

   It poisons the flesh of those it strikes.
   It occasionally inflicts asphyxiating poison on those it strikes, dealing
   poison damage and causing slowness.
   rPois:     It protects you from poison.
Missiles
 w - 6 throwing nets
Armour
 g - a +0 pair of boots (worn)
 h - a +0 troll leather armour (worn)
 i - a +0 helmet (worn)
 r - a +1 pair of gloves (worn)
 C - a +0 cloak (worn)
 L - a +1 leather armour of willpower
 R - the +1 ring mail "Yten" {Will+}
   (You found it on level 2 of the Lair of Beasts)

   Will:      It increases your willpower.
Magical Staves
 a - a staff of death
Jewellery
 d - a ring of see invisible
 j - an amulet of the acrobat (around neck)
 q - a ring of magical power (right hand)
 x - an amulet of reflection
 D - a +6 ring of intelligence (left hand)
Wands
 v - a wand of flame (95)
 A - a wand of light (6)
 I - a wand of digging (5)
 J - a wand of polymorph (11)
 Q - a wand of iceblast (13)
 W - a wand of paralysis (4)
Scrolls
 f - 2 scrolls of enchant armour
 t - 11 scrolls of teleportation
 u - 4 scrolls of silence
 y - 2 scrolls of fog
 B - 5 scrolls of immolation
 M - a scroll of blinking
 O - a scroll of summoning
 P - 3 scrolls of identify
 S - a scroll of fear
 V - 3 scrolls of poison
Potions
 c - 5 potions of magic
 e - 3 potions of brilliance
 k - 7 potions of degeneration
 m - 2 potions of flight
 n - a potion of attraction
 o - 2 potions of invisibility
 p - 4 potions of might
 s - 4 potions of heal wounds
 z - 4 potions of curing
 E - 3 potions of lignification
 G - 5 potions of ambrosia
 N - 5 potions of mutation
 T - 2 potions of haste {unknown}
 U - 2 potions of resistance {unknown}


   Skills:
 + Level 4.9 Fighting
 + Level 3.7 Armour
 + Level 7.0 Dodging
 - Level 1.7 Stealth
 + Level 14.3 Spellcasting
 - Level 1.5 Conjurations
 + Level 5.3 Hexes
 + Level 16.9 Necromancy


You had 5 spell levels left.
You knew the following spells:

 Your Spells              Type           Power      Damage    Failure   Level
a - Anguish               Hex/Necr       35%        N/A       1%          4
b - Call Imp              Summ           20%        N/A       4%          2
c - Passage of Golubria   Tloc           20%        N/A       30%         4
d - Fulminant Prism       Conj/Hex       20%        3d13      8%          4
q - Borgnjor's Vile Clut  Necr/Erth      31%        N/A       2%          5
s - Vampiric Draining     Necr           87%        2d12      0%          3
w - Dazzling Flash        Conj/Hex       80%        N/A       2%          3
x - Death Channel         Necr           43%        N/A       1%          6
z - Animate Dead          Necr           87%        N/A       1%          4

Your spell library contained the following spells:

 Spells                   Type           Power      Damage    Failure   Level
 Necrotise                Necr           100%       1d9       0%          1
 Kiss of Death            Conj/Necr      100%       2d13      1%          1
 Magic Dart               Conj           100%       1d8       1%          1
 Tukima's Dance           Hex            51%        N/A       1%          3
 Agony                    Necr           87%        N/A       1%          5
 Freeze                   Ice            80%        1d9       3%          1
 Momentum Strike          Conj/Tloc      50%        3d9       3%          2
 Portal Projectile        Hex/Tloc       72%        N/A       3%          3
 Blink                    Tloc           40%        N/A       4%          2
 Passwall                 Tmut/Erth      16%        N/A       4%          2
 Mephitic Cloud           Conj/Pois/Air  23%        N/A       8%          3
 Gell's Gravitas          Tloc           20%        N/A       9%          3
 Ignite Poison            Fire/Tmut/Pois 20%        N/A       9%          3
 Kindle Blastsparks       Fire/Tloc/Air  40%        2d13      9%          3
 Lesser Beckoning         Tloc           40%        N/A       9%          3
 Teleport Other           Tloc           20%        N/A       9%          3
 Iskenderun's Mystic Bla  Conj/Tloc      25%        2d7       22%         4
 Silence                  Hex/Air        18%        N/A       28%         5
 Summon Mana Viper        Hex/Summ       36%        N/A       28%         5
 Yara's Violent Unravell  Hex/Tmut       18%        3d9       28%         5
 Summon Ice Beast         Ice/Summ       20%        N/A       30%         4
 Blade Hands              Tmut           10%        N/A       63%         5
 Lee's Rapid Deconstruct  Erth           10%        3d9*      63%         5
 Simulacrum               Ice/Necr       31%        N/A       14%         6
 Starburst                Conj/Fire      12%        6d5       98%         6
 Dispersal                Tloc           10%        N/A       99%         6
 Monstrous Menagerie      Summ           10%        N/A       100%        7
 Ozocubu's Refrigeration  Ice            10%        4d9       100%        7
 Lehudib's Crystal Spear  Conj/Erth      12%        10d4      100%        8


Dungeon Overview and Level Annotations

Branches:
Dungeon (13/15)            Temple (1/1) D:7            Lair (5/5) D:11
  Swamp (1/4) Lair:2       Spider (0/4) Lair:2        Slime (0/5) Lair:4
    Orc (0/2) D:12
 Vaults: D:13-14

Altars:
Ashenzari
Cheibriados
Dithmenos
Fedhas
Gozag
Hepliaklqana
Kikubaaqudgha
Makhleb
Nemelex Xobeh
Okawaru
Qazlal
Ru
Sif Muna
Trog
Uskayaw
Vehumet
Wu Jian
Xom
Yredelemnul
Jiyva

Shops:
D:5 *   D:7 *   D:8 *   D:9 =   D:10 =

Annotations:
D:12 Frances
Swamp:1 Josephine


Innate Abilities, Weirdness & Mutations

You have very sharp fingernails.
You are completely covered in rugged brown scales. (AC +3, +7% HP)
You are mostly covered in sharp spines.
You regenerate magic rapidly.


Message History

The basilisk is almost dead.
You hit the cyan ugly thing.
You feel very sick. The cyan ugly thing punches you.
The cyan ugly thing shocks you!
* * * LOW HITPOINT WARNING * * *
The cyan ugly thing is wracked by anguish!
The basilisk gazes at you.
Your limbs have turned to stone.
The cyan ugly thing punches you but does no damage.
The small abomination is struck by your spines.
The small abomination hits you but does no damage.
The basilisk bites you but does no damage.
You have turned to stone.
The cyan ugly thing punches you. The cyan ugly thing shocks you!
* * * LOW HITPOINT WARNING * * *
The cyan ugly thing is wracked by anguish!
The small abomination is struck by your spines.
The small abomination hits you.
* * * LOW HITPOINT WARNING * * *
The basilisk is struck by your spines.
The basilisk bites you but does no damage.
The cyan ugly thing is struck by your spines.
The cyan ugly thing punches you.
* * * LOW HITPOINT WARNING * * *
The cyan ugly thing shocks you!
* * * LOW HITPOINT WARNING * * *
The cyan ugly thing is wracked by anguish!
The small abomination hits you. The basilisk is struck by your spines.
The basilisk bites you!
* * * LOW HITPOINT WARNING * * *
The basilisk is wracked by anguish.
The basilisk dies!
Kikubaaqudgha accepts your kill.
The dead are walking!
A glowing mist starts to gather...
The small abomination hits you but does no damage.
The cyan ugly thing punches you.
* * * LOW HITPOINT WARNING * * *
The cyan ugly thing shocks you!
You die...
Kikubaaqudgha rasps: "You have failed me!
Welcome... oblivion!"

♣....♣ ♣♣♣♣♣♣♣
#♣.♣ ♣..♣♣♣
♣♣♣ ♣♣...♣ ♣♣
♣..♣♣♣
♣♣♣♣♣♣♣♣...
..♣♣
♣♣♣........♣
..♣ ♣.......♣♣
.♣♣
♣♣..♣♣...♣♣
.♣♣
♣♣♣...♣♣♣..u♣♣
..♣♣♣.....♣
♣♣†.@♣♣♣
..♣.....♣♣♣
♣♣xx..♣
♣......♣♣
♣......♣
♣..♣♣♣♣♣
♣..Z♣♣Z...♣
♣...♣ ...♣♣♣
♣..... ♣♣...♣
....♣ ♣♣...
♣♣.... ÷... ..
♣.... .... ♣
♣..♣♣ ♣.


You could see a cyan ugly thing (anguished), 2 small abominations, a friendly
spectral basilisk and a friendly basilisk zombie.

Vanquished Creatures
  A hydra (Lair:4)
  Erica (D:8)
  Harold (D:10)
  A boulder beetle (D:11)
  An ogre mage (D:11)
  A two-headed ogre (D:10)
  A deep elf knight (D:11)
  Nergalle (D:10)
  An ugly thing (D:12)
  Maurice (D:8)
  8 elephants
  A black mamba (Lair:5)
  4 cane toads
  6 komodo dragons
  2 unseen horrors (D:11)
  2 meliai (D:13)
  A troll (D:10)
  A queen bee (Lair:2)
  A hornet (D:9)
  A dream sheep (Lair:2)
  A polar bear (Lair:1)
  9 blink frogs
  2 jumping spiders (Lair:2)
  2 wraiths
  3 wyverns
  A shadow (D:10)
  19 yaks
  Grum (D:11)
  3 steam dragons
  A chaos spawn (D:13)
  3 basilisks
  A redback (Lair:2)
  An acid dragon (D:11)
  15 water moccasins
  An ice beast (D:8)
  3 black bears
  4 orc warriors
  2 sky beasts
  5 small abominations (Lair:5)
  11 wolves
  2 ogres (D:5)
  8 centaurs
  2 phantoms (D:4)
  A kobold brigand (D:6)
  15 bullfrogs
  3 scorpions
  A gnoll sergeant (D:8)
  3 necrophages (D:4)
  3 wights (D:7)
  27 killer bees
  3 orc priests
  A bullfrog zombie (D:4)
  4 jellies
  Crazy Yiuf (D:6)
  2 hounds
  3 gnoll boudas
  9 orc wizards
  6 iguanas
  A hound zombie (D:4)
  7 adders
  20 gnolls
  A shadow imp (D:4)
  An adder zombie (D:4)
  A worm (D:3)
  6 dart slugs
  26 orcs
  7 endoplasms
  3 giant cockroaches
  5 hobgoblins
  4 quokkas
  8 ball pythons
  2 bats
  2 frilled lizards
  8 goblins
  7 kobolds
  3 rats
  A bush (D:4)
332 creatures vanquished.

Vanquished Creatures (collateral kills)
  Rupert (Lair:4)
  A catoblepas (Lair:4)
  A death yak (Lair:5)
  A sixfirhy (D:13)
  A manticore (D:11)
  10 elephants
  A smoke demon (Lair:5)
  A gargoyle (D:11)
  A cane toad (Lair:4)
  3 komodo dragons
  A kobold demonologist (D:11)
  A meliai (D:13)
  4 dream sheep (Lair:2)
  2 blink frogs
  A shadow (D:11)
  2 jumping spiders (Lair:2)
  A culicivora (Lair:2)
  2 yaks
  A basilisk (Lair:5)
  2 redbacks (Lair:2)
  A water moccasin (Lair:5)
  5 black bears
  3 wolves (Lair:4)
  2 centaurs
  3 bullfrogs
  3 killer bees (Lair:2)
  An electric eel (Lair:3)
  An orc priest (D:11)
  An orc wizard (D:11)
  2 gnolls
  3 orcs
  2 endoplasms
  A giant cockroach (D:1)
  A kobold (D:2)
  An orc zombie (D:9)
  A rat (D:1)
69 creatures vanquished.

Vanquished Creatures (others)
  A hydra (Lair:2)
  A two-headed ogre (D:11)
  A death yak (Lair:5)
  An orc knight (D:11)
  An ugly thing zombie (D:12)
  3 elephants
  2 komodo dragons
  A dream sheep (Lair:2)
  A jumping spider (Lair:2)
  2 meliai zombies (D:13)
  A wyvern (Lair:2)
  A basilisk (Lair:5)
  A two-headed ogre zombie (D:11)
  2 cane toad zombies
  3 blink frog zombies (Lair:5)
  7 elephant zombies (Lair:4)
  A wolf (Lair:4)
  2 wyvern zombies
  2 water moccasin zombies
  A yak zombie (Lair:1)
  2 killer bees (Lair:2)
  An electric eel (Lair:3)
  5 wolf zombies (Lair:1)
  4 centaur zombies
  A bullfrog zombie (D:11)
  5 killer bee zombies
  An ice beast zombie (D:8)
  An acid dragon zombie (D:11)
  5 orc zombies (D:11)
  3 gnoll zombies
  22 bushes
  4 fulminant prisms (D:12)
  68 fungi
  75 plants
232 creatures vanquished.

Grand Total: 633 creatures vanquished

Notes
Turn   | Place    | Note
-------+----------+-------------------------------------------
     0 | D:1      | BlueGoblin the Demonspawn Necromancer began the quest for
                  | the Orb.
     0 | D:1      | Reached XP level 1. HP: 13/13 MP: 3/3
     0 | D:1      | Upgraded the game from 0.30-a0-272-gf98c3da03f to
                  | 0.30-a0-279-g4b46babb21
   166 | D:1      | Gained mutation: You are partially covered in rugged brown
                  | scales. (AC +1, +3% HP) [demonic ancestry]
   166 | D:1      | Reached XP level 2. HP: 13/19 MP: 1/5
   245 | D:1      | Identified 2 scrolls of acquirement
   245 | D:1      | Acquired the +4 hand axe of the Dwarven Hall {elec, Str+2
                  | Int+2 Dex+4}
   290 | D:1      | Reached skill level 5 in Necromancy
   897 | D:2      | Gained mutation: You have sharp fingernails. [demonic
                  | ancestry]
   897 | D:2      | Reached XP level 3. HP: 24/24 MP: 4/6
  1079 | D:2      | Got the Codex of Polar Forms
  1700 | D:3      | Found a stormy altar of Qazlal.
  1821 | D:3      | Gained mutation: You are partially covered in sharp spines.
                  | [demonic ancestry]
  1821 | D:3      | Reached XP level 4. HP: 20/30 MP: 1/8
  1825 | D:3      | Learned a level 3 spell: Vampiric Draining
  2254 | D:3      | Found an ornate altar of the Wu Jian Council.
  2420 | D:3      | Acquired 874 gold pieces
  2546 | D:4      | Reached skill level 6 in Necromancy
  2546 | D:4      | Gained mutation: You are mostly covered in rugged brown
                  | scales. (AC +2, +5% HP) [demonic ancestry]
  2546 | D:4      | Reached XP level 5. HP: 27/37 MP: 2/10
  2880 | D:4      | Noticed a phantom
  2889 | D:4      | Killed a phantom
  2890 | D:4      | Reached XP level 6. HP: 40/44 MP: 12/12
  3389 | D:4      | Reached skill level 7 in Necromancy
  3642 | D:4      | Identified the +1 sling "Puoduic" {flame, Will- Dex+8 SInv}
  3706 | D:4      | Found a blossoming altar of Fedhas.
  3823 | D:4      | Reached XP level 7. HP: 39/49 MP: 14/14
  3825 | D:4      | Reached skill level 5 in Spellcasting
  3826 | D:4      | Reached skill level 1 in Fighting
  4016 | D:5      | Entered Level 5 of the Dungeon
  4109 | D:5      | Found Gozag's Platinum Reserve.
  4153 | D:5      | Learned a level 4 spell: Animate Dead
  4473 | D:5      | Reached skill level 8 in Necromancy
  4536 | D:5      | Reached XP level 8. HP: 39/54 MP: 16/16
  4741 | D:5      | Found an opulent altar of Gozag.
  5586 | D:6      | Reached skill level 9 in Necromancy
  5864 | D:6      | Found a runed translucent door.
  5865 | D:6      | Noticed Crazy Yiuf
  6172 | D:6      | Killed Crazy Yiuf
  6312 | D:7      | Found a basalt altar of Yredelemnul.
  6356 | D:6      | Learned a level 2 spell: Call Imp
  6517 | D:7      | Found a radiant altar of Vehumet.
  6691 | D:7      | Gained mutation: You have very sharp fingernails. [demonic
                  | ancestry]
  6691 | D:7      | Reached XP level 9. HP: 48/64 MP: 20/20
  6810 | D:7      | Found Camitiyn's Assorted Antiques.
  6877 | D:7      | Found a staircase to the Ecumenical Temple.
  7039 | Temple   | Entered the Ecumenical Temple
  7050 | Temple   | Became a worshipper of Kikubaaqudgha
  7846 | D:8      | Noticed Erica
  7846 | D:8      | Noticed Maurice
  7858 | D:8      | Killed Erica
  7859 | D:8      | Reached skill level 10 in Necromancy
  7881 | D:8      | Killed Maurice
  8111 | D:8      | Found a broken altar of Ashenzari.
  8121 | D:8      | Reached skill level 11 in Necromancy
  8313 | D:8      | Gained mutation: You are completely covered in rugged brown
                  | scales. (AC +3, +7% HP) [demonic ancestry]
  8313 | D:8      | Reached XP level 10. HP: 25/73 MP: 12/23
  8713 | D:8      | Found Xaruryuf's Assorted Antiques.
  9260 | D:9      | Reached * piety under Kikubaaqudgha
  9260 | D:9      | Received a gift from Kikubaaqudgha
  9867 | D:9      | Found a shimmering blue altar of Sif Muna.
  9954 | D:9      | Reached skill level 12 in Necromancy
  9957 | D:9      | Reached skill level 10 in Spellcasting
 10086 | D:9      | Found Hudorch's Jewellery Shop.
 10293 | D:10     | Entered Level 10 of the Dungeon
 10324 | D:10     | Noticed Nergalle
 10632 | D:10     | Identified the +8 spear of the Fortifying Lamprey {holy,
                  | MP+9 Dex+2}
 10646 | D:10     | Killed Nergalle
 10827 | D:10     | Reached XP level 11. HP: 62/80 MP: 22/25
 10919 | D:10     | Reached ** piety under Kikubaaqudgha
 11098 | D:10     | Found Sopytt's Jewellery Emporium.
 11386 | D:11     | Noticed Harold
 11386 | D:11     | Noticed a boulder beetle
 11453 | D:11     | Noticed a two-headed ogre
 11465 | D:10     | Killed a two-headed ogre
 11712 | D:10     | Killed Harold
 11713 | D:10     | Reached skill level 1 in Armour
 11818 | D:11     | Reached skill level 13 in Necromancy
 11853 | D:11     | Killed a boulder beetle
 11858 | D:11     | Noticed Grum
 11862 | D:11     | Reached skill level 5 in Dodging
 11867 | D:11     | Killed Grum
 12061 | D:11     | Found a staircase to the Lair.
 12248 | D:11     | Identified the +9 plate armour "Midurr" {rC++ Will+ Int-4
                  | Slay+3}
 12428 | D:11     | Learned a level 4 spell: Fulminant Prism
 12435 | D:12     | Noticed a deep elf pyromancer
 12566 | D:12     | You fall into a shaft and drop 1 floor!
 12585 | D:13     | Reached skill level 1 in Conjurations
 12585 | D:13     | Reached skill level 1 in Hexes
 12627 | D:13     | Noticed a sixfirhy
 12633 | D:13     | Killed a sixfirhy
 12773 | D:12     | Learned a level 3 spell: Dazzling Flash
 12778 | D:12     | Learned a level 4 spell: Passage of Golubria
 12800 | D:12     | Found a staircase to the Orcish Mines.
 12811 | D:12     | Noticed a green ugly thing
 12820 | D:12     | Reached skill level 14 in Necromancy
 12832 | D:12     | Noticed Frances
 12833 | D:12     | Killed a green ugly thing
 12834 | D:12     | Gained mutation: You regenerate magic rapidly. [demonic
                  | ancestry]
 12834 | D:12     | Reached XP level 12. HP: 74/88 MP: 4/28
 12988 | Lair:1   | Entered Level 1 of the Lair of Beasts
 13532 | Lair:1   | Reached *** piety under Kikubaaqudgha
 13532 | Lair:1   | Received a gift from Kikubaaqudgha
 14243 | Lair:1   | Learned a level 4 spell: Anguish
 14250 | Lair:1   | Learned a level 6 spell: Death Channel
 14256 | Lair:1   | Learned a level 5 spell: Borgnjor's Vile Clutch
 14708 | Lair:2   | Noticed an eight-headed hydra
 14714 | Lair:2   | Killed an eight-headed hydra
 14719 | Lair:2   | Identified the +1 ring mail "Yten" {Will+}
 14829 | Lair:2   | Reached **** piety under Kikubaaqudgha
 15047 | Lair:2   | Found a hole to the Spider Nest.
 15090 | Lair:2   | Reached skill level 15 in Necromancy
 15628 | Lair:2   | Found a staircase to the Swamp.
 15859 | Swamp:1  | Entered Level 1 of the Swamp
 15859 | Swamp:1  | Noticed Josephine
 16259 | Lair:3   | Gained mutation: You are mostly covered in sharp spines.
                  | [demonic ancestry]
 16259 | Lair:3   | Reached XP level 13. HP: 79/96 MP: 30/30
 16715 | Lair:4   | Noticed Rupert
 16723 | Lair:4   | Reached ***** piety under Kikubaaqudgha
 16739 | Lair:4   | Killed Rupert
 17148 | Lair:4   | Found the +8 whip "Snakebite" {venom, curare, rPois}
 17247 | Lair:4   | Reached skill level 16 in Necromancy
 17561 | Lair:4   | Found a viscous altar of Jiyva.
 17561 | Lair:4   | Found a staircase to the Slime Pits.
 17815 | Lair:5   | Entered Level 5 of the Lair of Beasts
 17974 | Lair:5   | Reached skill level 5 in Hexes
 18358 | Lair:5   | Slain by a cyan ugly thing

Illustrated notes

Levels and vault maps discovered:
D:1:      wander_arrival_fairy_ring, layout_basic, grunt_decor_one_mirror
D:2:      layout_rooms
D:3:      layout_loops_ring, nicolae_wu_jian_immortal_techniques,
          grunt_qazlal_clouds, mainiacjoe_overflow_boulevard
D:4:      kennysheep_six_static_rooms, layout_basic, fedhas_altar_decomposition
D:5:      layout_cave_pools, nicolae_gozag_zags_fifth_avenue
D:6:      layout_basic, uniq_crazy_yiuf_cottage
D:7:      layout_basic, mainiacjoe_overflow_catwalk,
          mainiacjoe_overflow_cross_hatched, temple_hall, serial_shops, shop
D:8:      hellmonk_ruined_rings, layout_loops_cross, evilmike_ruin_ashenzari,
          serial_shops, nicolae_square_shop, uniq_maurice, uniq_erica
D:9:      layout_loops_ring, nicolae_sif_muna_condensation, serial_shops, shop
D:10:     layout_loops_ring, serial_shops, kennysheep_little_box,
          minmay_hedge_maze, uniq_nergalle
D:11:     layout_cave_pools, due_lair_maze_entry_diamond, uniq_harold, uniq_grum
D:12:     layout_basic, minmay_orc_entry_temple_large,
          nicolae_trove_entry_crossroad, serial_corexii_hall,
          chequers_hall_statues_corner_a, chequers_hall_statues_wall_a,
          nemelex_lonely_heart_becter, uniq_frances
D:13:     layout_rooms, serial_demonic, serial_demonic_d, serial_demonic_g,
          serial_demonic_c, serial_demonic_b
Temple:   nicolae_temple_bog_church
Lair:1:   layout_layer_cave
Lair:2:   layout_cave_pods, swamp_mist, nicolae_spider_entry_tight_spaces,
          enter_volcano_4, special_room [special_room_bee]
Lair:3:   layout_roguey, beast_lair_carwin_11, serial_bayou_shore_a,
          infiniplex_staircase_pool, grunt_megastairs_5
Lair:4:   layout_regular_city, dpeg_slime_entry_enclosed, grunt_megastairs_2,
          uniq_rupert
Lair:5:   hellmonk_lair_end_abyssal_woods, layout_gridlike,
          minmay_lair_oklob_items
Swamp:1:  layout_basic_swamp, evilmike_swamp_ruin_wall, swamp_pool5,
          uniq_josephine

Skill      XL: |  1  2  3  4  5  6  7  8  9 10 11 12 13 |
---------------+----------------------------------------+-----
Necromancy     | 5 6 7 8 9 11 12 14 15 16 | 16.9
Spellcasting   | 3 4 5 7 9 10 12 13 14 | 14.3
Dodging        | 2 3 4 5 6 7 |  7.0
Fighting       | 1 2 3 4 |  4.9
Armour         | 2 3 |  3.7
Conjurations   | 1 |  1.5
Hexes          | 2 4 5 |  5.3
Stealth        | |  1.7

Action                   |  1- 3 |  4- 6 |  7- 9 | 10-12 | 13-15 || total
-------------------------+-------+-------+-------+-------+-------++-------
Melee: Dagger            |    18 |       |       |       |       ||    18
       Hand axe          |     5 |    31 |    68 |   212 |    56 ||   372
       Staff             |       |     1 |       |       |       ||     1
       Punch             |       |       |       |       |     1 ||     1
 Cast: Necrotise         |    59 |    56 |    31 |       |       ||   146
       Vampiric Draining |       |     1 |    63 |   153 |    42 ||   259
       Call Imp          |       |       |     5 |    20 |       ||    25
       Animate Dead      |       |       |     2 |    11 |     4 ||    17
       Fulminant Prism   |       |       |       |     4 |       ||     4
       Anguish           |       |       |       |    14 |    27 ||    41
       Borgnjor's Vile C |       |       |       |     6 |    14 ||    20
       Death Channel     |       |       |       |     4 |     7 ||    11
       Passage of Golubr |       |       |       |     2 |       ||     2
Invok: Unearth Wretches  |       |       |       |     2 |       ||     2
  Use: Scroll            |     1 |     7 |     6 |    13 |       ||    27
       Potion            |       |       |       |     3 |       ||     3
 Stab: Sleeping          |     1 |       |       |     1 |       ||     2
       Distracted        |     1 |       |     1 |     5 |     2 ||     9
       Paralysed         |       |       |       |     3 |       ||     3
Armor: Robe              |     6 |     9 |    19 |    51 |       ||    85
       Troll leather arm |       |       |       |   101 |    59 ||   160
Dodge: Dodged            |    17 |    18 |   106 |   431 |   101 ||   673

Table legend: (Time is in decaauts)
 A = Elapsed time spent in this place.
 B = Non-inter-level travel time spent in this place.
 C = Inter-level travel time spent in this place.
 D = Time resting spent in this place.
 E = Time spent auto-exploring this place.
 F = Levels seen in this place.
 G = Mean time per level.
                   A        B        C        D        E       F      G
               +--------+--------+--------+--------+--------+-----+--------+
         Total |  18498 |  16841 |   1657 |   1226 |  12623 |  20 |  924.9 |
       Dungeon |  12853 |  11637 |   1216 |   1038 |   8448 |  13 |  988.7 |
        Temple |    221 |    210 |     11 |      0 |    191 |   1 |  221.0 |
          Lair |   5421 |   4991 |    430 |    188 |   3983 |   5 | 1084.2 |
         Swamp |      1 |      1 |      0 |      0 |      0 |   1 |    1.0 |
               +--------+--------+--------+--------+--------+-----+--------+

Top non-repeatable levels by time:
     D:6: 1548 daAuts
     D:4: 1545 daAuts
  Lair:1: 1524 daAuts
     D:9: 1515 daAuts
  Lair:2: 1420 daAuts
     D:8: 1407 daAuts
  Lair:4: 1196 daAuts
     D:7: 1135 daAuts
    D:10: 1130 daAuts
     D:3: 1002 daAuts
    D:11: 846 daAuts
     D:1: 813 daAuts
     D:5: 805 daAuts
  Lair:3: 798 daAuts
     D:2: 695 daAuts
